 Dungeon Crawl Stone Soup version 0.14-a0-1721-g84c87b2 (webtiles) character file.

63 Mitsuki the Insei (level 2, 0/21 HPs)
             Began as a Merfolk Transmuter on Jan 2, 2014.
             Slain by an ice beast (1 damage)
             ... on Level 1 of the Dungeon.
             The game lasted 00:06:32 (1380 turns).

Mitsuki the Insei (Merfolk Transmuter)              Turns: 1380, Time: 00:06:32

HP   0/21        AC  2     Str 16      XL: 2   Next: 91%
MP   2/4         EV 13     Int 12      God:
Gold 41          SH  0     Dex 14      Spells:  1 memorised,  4 levels left

rFire  . . .     SeeInvis .       - Unarmed
rCold  . . .     Clarity  .     c - +0 robe
rNeg   . . .     Conserve .     (no shield)
rPois  .         rCorr    .     (helmet restricted)
rElec  .         rRot     .     (no cloak)
SustAb . .       Spirit   .     (no gloves)
rMut   .         Warding  .     (no boots)
Saprov . . .     Stasis   .     (no amulet)
                                i - +3 ring of strength
                                g - +3 ring of strength

@: appendage (expiring), very slightly contaminated, not resistant to hostile
enchantments, unstealthy
A: change form in water, swift swim, horns 2
a: End Transformation


You were on level 1 of the Dungeon.
You were very hungry.
You had grown temporary horns.
You visited 1 branch of the dungeon, and saw 1 of its levels.

You collected 41 gold pieces.

Inventory:

Missiles
 b - 27 arrows
 f - 7 darts (quivered)
Armour
 c - a +0 robe (worn)
Comestibles
 a - 2 bread rations
 k - a meat ration
 l - a banana
Scrolls
 e - a scroll of teleportation
 j - a scroll of blinking {unknown}
 m - a scroll of curse armour {unknown}
Jewellery
 g - a +3 ring of strength (left hand)
 i - a +3 ring of strength (right hand)
Books
 d - a book of Changes

   Spells                             Type                      Level
   *Beastly Appendage                 Transmutation                1
   Sticks to Snakes                   Transmutation                2
   Spider Form                        Transmutation/Poison         3
   Ice Form                           Ice/Transmutation            4
   Blade Hands                        Transmutation                5


   Skills:
 - Level 1.1 Fighting
 + Level 3.1 Dodging
 + Level 0.2 Stealth
 + Level 3.8 Unarmed Combat
 + Level 2.1 Spellcasting
 + Level 2.9 Transmutations


You had 4 spell levels left.
You knew the following spells:

 Your Spells              Type           Power        Failure   Level  Hunger
a - Beastly Appendage     Trmt           #.....       12%         1    ##.....


Dungeon Overview and Level Annotations

Branches:
Dungeon (1/16)

Altars:


Innate Abilities, Weirdness & Mutations

You revert to your normal form in water.
You are very nimble and swift while swimming.
You have a pair of horns on your head.


Message History

You are feeling very hungry.
You hit the ice beast but do no damage.
You headbutt the ice beast, but do no damage.
The ice beast is lightly wounded.
The ice beast hits you. The ice beast freezes you.
You hit the ice beast. You headbutt the ice beast.
The ice beast is lightly wounded.
You closely miss the ice beast. Your headbutt misses the ice beast.
You punch the ice beast.
The ice beast is moderately wounded.
The ice beast hits you. The ice beast freezes you!
* * * LOW HITPOINT WARNING * * *
You hit the ice beast but do no damage.
The ice beast is moderately wounded.
The ice beast closely misses you.
You hit the ice beast but do no damage.
The ice beast is moderately wounded.
Your transformation is almost over.
The ice beast hits you.
You die...

#.# ################(###
#........##.....(..# #########
#.######.##.#...(#)###.......#
#.# ####.##.#............###)#
#.# #...........(#.###.#.# #.#
#.# #.##.##.###....# #.#.###.#
#.# #.##.##.##..I..# #.#.....#
#.###.##.##.....@..# #.......#
#........#######.### #######.#
#####.#### #.# #.# ###.# #.#
#.# #...# ##'## ##.## #.#.#
##...## ##...## #...##
##.....## #.....# ##.#.##
##.......## ##.....#
##....####.........####......##


You could see an ice beast.

Vanquished Creatures
  A giant gecko (D:1)
  An ooze (D:1)
  A goblin (D:1)
  5 hobgoblins (D:1)
  2 jackals (D:1)
  4 bats (D:1)
  A giant newt (D:1)
  2 kobolds (D:1)
17 creatures vanquished.

Notes
Turn   | Place    | Note
--------------------------------------------------------------
     0 | D:1      | Mitsuki, the Merfolk Transmuter, began the quest for the Orb.
     0 | D:1      | Reached XP level 1. HP: 15/15 MP: 3/3
   203 | D:1      | Reached XP level 2. HP: 16/21 MP: 2/4
  1369 | D:1      | Noticed an ice beast
  1378 | D:1      | HP: 1/21 [ice beast (10)]
  1380 | D:1      | Slain by an ice beast

Action                   || total
-------------------------++-------
Melee: Unarmed           ||    72
Throw: Dart              ||    21
 Cast: Beastly Appendage ||    12
  Use: Scroll            ||     1
